 Dungeon Crawl Stone Soup version 0.23.2-1-ga50397a (webtiles) character file.

Game seed: 11128803252178715990

2533 doot the Stinger (level 9, 0/74 HPs)
             Began as a Naga Venom Mage on Apr 25, 2019.
             Was a Believer of Nemelex Xobeh.
             Slain by Erica
             ... wielding a +0 scimitar of flaming
              (1 damage)
             ... on level 8 of the Dungeon.
             The game lasted 00:28:18 (10417 turns).

doot the Stinger (Naga Venom Mage)                 Turns: 10417, Time: 00:28:20

Health: 0/74       AC:  8    Str: 12    XL:     9   Next: 55%
Magic:  1/17       EV: 11    Int: 18    God:    Nemelex Xobeh [**....]
Gold:   314        SH:  0    Dex: 14    Spells: 5/18 levels left

rFire    . . .     SeeInvis +   A - +4 halberd
rCold    . . .     Gourm    .   (shield currently unavailable)
rNeg     + . .     Faith    .   p - +2 robe {rN+}
rPois    +         Spirit   .   r - +0 helmet
rElec    .         Reflect  +   k - +0 cloak
rCorr    .         Harm     .   (no gloves)
MR       +....                  (no barding)
Stlth    +.........             g - +4 amulet of reflection
HPRegen  0.22/turn              i - +3 ring of dexterity
MPRegen  0.15/turn              (no ring)

@: confused, short of breath, very slightly contaminated, slowed, very slow
A: large, see invisible, deformed body, poison resistance, slowness 2, slow
metabolism 1, spit poison 1, AC +3
a: Spit Poison, Draw Escape, Draw Destruction, Draw Summoning, Renounce Religion


You were on level 8 of the Dungeon.
You worshipped Nemelex Xobeh.
Nemelex Xobeh was pleased with you.
You were near starving.

You visited 2 branches of the dungeon, and saw 9 of its levels.

You collected 314 gold pieces.

Inventory:

Hand Weapons
 d - a +0 short sword
 e - a +0 short sword of speed
 o - a +2 dagger of protection
 u - a +3 quarterstaff of chaos
 w - a +0 trident of venom
 A - a +4 halberd (weapon)
Armour
 a - a +0 robe
 k - a +0 cloak (worn)
 p - a +2 robe of positive energy (worn)
 r - a +0 helmet (worn)
Jewellery
 g - a +4 amulet of reflection (around neck)
 i - a +3 ring of dexterity (left hand)
Wands
 E - a wand of enslavement (8)
 G - a wand of random effects (17)
Scrolls
 b - 2 scrolls of enchant armour {unknown}
 f - 2 scrolls of blinking {unknown}
 h - 7 scrolls of remove curse
 j - 2 scrolls of identify
 n - a scroll of enchant weapon {unknown}
 q - a scroll of amnesia {unknown}
 s - 2 scrolls of teleportation
 x - a scroll of fear {unknown}
 y - a scroll of noise {unknown}
 z - 2 scrolls of fog {unknown}
 B - a scroll of immolation {unknown}
Potions
 l - 2 potions of curing
 m - 2 potions of lignification
 t - a potion of magic
 v - a potion of invisibility
 C - a potion of heal wounds
 D - a potion of flight
 F - 2 potions of might {unknown}
Comestibles
 c - 5 rations


   Skills:
 + Level 2.9 Fighting
 + Level 2.6 Short Blades
 + Level 4.4(5.0) Polearms
 + Level 3.2(4.3) Staves
 + Level 3.2 Dodging
 + Level 6.3 Stealth
 + Level 5.3 Spellcasting
 + Level 4.6 Conjurations
 + Level 0.6 Air Magic
 + Level 7.8 Poison Magic


You had 5 spell levels left.
You knew the following spells:

 Your Spells              Type           Power        Failure   Level  Hunger
a - Sting                 Conj/Pois      ####         1%          1    None
b - Mephitic Cloud        Conj/Pois/Air  ###.....     6%          3    ##.....
c - Venom Bolt            Conj/Pois      ####......   26%         5    ######.
d - Olgreb's Toxic Radia  Pois           ####....     4%          4    ####...

Your spell library contained the following spells:

 Spells                   Type           Power        Failure   Level  Hunger
 Poisonous Vapours        Pois/Air       ###...       3%          2    #......


Dungeon Overview and Level Annotations

Branches:
Dungeon (8/15)             Temple (1/1) D:7
   Lair: D:8-11

Altars:
Ashenzari
Cheibriados
Dithmenos
Elyvilon
Fedhas
Gozag
Hepliaklqana
Kikubaaqudgha
Makhleb
Nemelex Xobeh
Okawaru
Qazlal
Ru
Sif Muna
Trog
Uskayaw
Vehumet
Wu Jian
Xom
Yredelemnul
Zin
The Shining One

Annotations:
D:2 exclusion: oklob plant
D:3 2 runed translucent doors, Killmatronix's ghost, amateur KoWn
D:8 Erica


Innate Abilities, Weirdness & Mutations

You cannot wear boots.
Your serpentine skin is tough. (AC +3)
You have supernaturally acute eyesight. (SInv)
Armour fits poorly on your strangely shaped body.
Your system is resistant to poisons. (rPois)
You cover ground very slowly.
You have a slow metabolism.
You can spit poison.


Message History

The ice beast closely misses you.
Unknown command.
Casting: Olgreb's Toxic Radiance (safe; 4% risk of failure)
Confirm with . or Enter, or press ? or * to list all spells.
Aiming: Sting (safe; 1% risk of failure)
Press: ? - help, Shift-Dir - straight line, f/p - Erica
Aim: Erica, wielding a +0 scimitar of flaming and wearing a +2 robe of positive energy (almost dead)
The sting misses Erica.
Erica points at you and mumbles some strange words.
You are confused.
The ice beast hits you.
* * * LOW HITPOINT WARNING * * *
The ice beast freezes you.
* * * LOW HITPOINT WARNING * * *
The orc barely misses you.
Erica hits you with a +0 scimitar of flaming.
* * * LOW HITPOINT WARNING * * *
Erica burns you.
You die...
Your body disappears without a glow.

#########
#.......#
..#.####@#...#.#
.....oF@Yo...#
....#5##.#......
. # #.#####..
#.# . #.. ..#
..# .#


You could see Erica, an ice beast, a bullfrog, an orc wizard, a shadow imp and
an orc.

Vanquished Creatures
  Duvessa (D:5)
  An orc warrior (D:6)
  A phantom (D:7)
  A swamp drake (D:7)
  2 ice beasts
  A necrophage (D:7)
  An ogre (D:5)
  A centaur (D:6)
  A big kobold (D:6)
  Blork the orc (D:4)
  A wyvern skeleton (D:7)
  Dowan (D:5)
  2 scorpions
  4 wights (D:6)
  A howler monkey (D:4)
  3 hounds
  2 jellies
  Crazy Yiuf (D:5)
  A gnoll shaman (D:4)
  2 orc priests (D:6)
  An iguana (D:4)
  A bullfrog skeleton (D:4)
  7 orc wizards
  Ijyb (D:4)
  4 worker ants
  5 worker ant zombies
  Robin (D:4)
  12 gnolls
  7 adders
  A shadow imp (D:6)
  An ooze (D:4)
  2 adder skeletons (D:4)
  3 worms
  5 dart slugs
  3 leopard geckos (D:3)
  20 orcs
  5 giant cockroaches
  20 goblins
  8 hobgoblins
  11 jackals
  5 kobolds
  4 quokkas
  A ball python (D:2)
  9 bats
  5 frilled lizards
  2 jackal skeletons (D:6)
  A quokka skeleton (D:5)
  8 rats
182 creatures vanquished.

Vanquished Creatures (collateral kills)
  A wight (D:5)
1 creature vanquished.

Vanquished Creatures (others)
  3 wights (D:6)
  A goblin (D:4)
4 creatures vanquished.

Grand Total: 187 creatures vanquished

Notes
Turn   | Place    | Note
-------+----------+-------------------------------------------
     0 | D:1      | doot the Naga Venom Mage began the quest for the Orb.
     0 | D:1      | Reached XP level 1. HP: 15/15 MP: 3/3
   268 | D:1      | Reached XP level 2. HP: 22/22 MP: 0/5
   607 | D:1      | Reached skill level 5 in Poison Magic
   696 | D:1      | Reached XP level 3. HP: 28/28 MP: 4/6
   728 | D:1      | Learned a level 3 spell: Mephitic Cloud
  1345 | D:2      | Found a blossoming altar of Fedhas.
  1356 | D:2      | Noticed an oklob plant
  1552 | D:2      | Reached XP level 4. HP: 13/36 MP: 0/7
  1731 | D:2      | Reached XP level 5. HP: 41/42 MP: 5/9
  1740 | D:2      | Learned a level 5 spell: Venom Bolt
  1841 | D:2      | Reached skill level 6 in Poison Magic
  2733 | D:3      | Found a runed translucent door.
  2766 | D:3      | Reached XP level 6. HP: 42/49 MP: 6/10
  3123 | D:3      | Found a runed translucent door.
  3124 | D:3      | Noticed Killmatronix's ghost (amateur KoWn)
  4001 | D:4      | HP: 2/49 [iguana (10)]
  4012 | D:4      | HP: 2/49 [iguana (13)]
  4386 | D:4      | Found a sparkling altar of Nemelex Xobeh.
  4390 | D:4      | Became a worshipper of Nemelex Xobeh the Trickster
  4423 | D:4      | Noticed Ijyb
  4487 | D:4      | Killed Ijyb
  4787 | D:4      | Received a gift from Nemelex Xobeh
  4821 | D:4      | Reached skill level 1 in Short Blades
  4832 | D:4      | Noticed Blork the orc
  4856 | D:5      | Entered Level 5 of the Dungeon
  4884 | D:5      | Reached XP level 7. HP: 51/56 MP: 8/12
  4896 | D:4      | Reached skill level 5 in Stealth
  5091 | D:4      | Killed Blork the orc
  5783 | D:4      | Noticed Robin
  5803 | D:4      | Killed Robin
  6170 | D:4      | Got a pair of ichor-stained boots
  6177 | D:4      | Reached skill level 1 in Fighting
  6190 | D:4      | Identified the +1 pair of boots of Gidwob {*Contam *Slow
                  | Dex+10} (You found it on level 4 of the Dungeon)
  6449 | D:5      | Learned a level 4 spell: Olgreb's Toxic Radiance
  6481 | D:5      | Noticed Edmund
  6519 | D:4      | Noticed Edmund
  6519 | D:4      | Edmund changed into Edmund the jelly
  6568 | D:4      | Killed Edmund the jelly
  6790 | D:5      | Reached skill level 7 in Poison Magic
  6809 | D:5      | Received a gift from Nemelex Xobeh
  6887 | D:5      | Found a runed translucent door.
  6888 | D:5      | Noticed Crazy Yiuf
  6897 | D:5      | Killed Crazy Yiuf
  7002 | D:5      | Reached XP level 8. HP: 55/64 MP: 9/13
  7047 | D:5      | Reached * piety under Nemelex Xobeh
  7518 | D:5      | Noticed Duvessa
  7519 | D:5      | Noticed Dowan
  7541 | D:5      | Killed Dowan
  7543 | D:5      | Killed Duvessa
  7543 | D:5      | Reached skill level 1 in Staves
  7741 | D:5      | Found an ancient bone altar of Kikubaaqudgha.
  8053 | D:6      | Found an opulent altar of Gozag.
  8342 | D:6      | Received a gift from Nemelex Xobeh
  8554 | D:6      | Reached skill level 1 in Polearms
  8726 | D:6      | Found a shattered altar of Ashenzari.
  8919 | D:6      | Reached XP level 9. HP: 73/73 MP: 14/16
  9543 | D:7      | Reached skill level 5 in Spellcasting
  9782 | D:7      | Received a gift from Nemelex Xobeh
  9788 | D:7      | Found a staircase to the Ecumenical Temple.
  9803 | Temple   | Entered the Ecumenical Temple
  9944 | D:7      | Reached ** piety under Nemelex Xobeh
 10365 | D:8      | Noticed Erica
 10417 | D:8      | HP: 2/74 [ice beast (6)]
 10417 | D:8      | Slain by Erica

Skill      XL: |  1  2  3  4  5  6  7  8  9 |
---------------+----------------------------+-----
Poison Magic   | 5 6 7 |  7.8
Conjurations   | 2 3 4 |  4.6
Spellcasting   | 3 4 5 |  5.3
Stealth        | 4 5 6 |  6.3
Dodging        | 2 3 |  3.2
Short Blades   | 1 2 |  2.6
Fighting       | 1 2 |  2.9
Staves         | 3 |  3.2
Polearms       | 2 4 |  4.4
Air Magic      | |  0.6

Action                   |  1- 3 |  4- 6 |  7- 9 || total
-------------------------+-------+-------+-------++-------
Melee: Short sword       |    12 |    88 |    91 ||   191
       Quarterstaff      |       |       |    48 ||    48
       Halberd           |       |       |   110 ||   110
 Cast: Sting             |    50 |    91 |    92 ||   233
       Mephitic Cloud    |       |     4 |     8 ||    12
       Venom Bolt        |       |     2 |     4 ||     6
       Olgreb's Toxic Ra |       |       |    16 ||    16
 Abil: Spit Poison       |    10 |    20 |    18 ||    48
       Draw Destruction  |       |       |    10 ||    10
       Draw Summoning    |       |       |     1 ||     1
  Use: Potion            |       |     5 |     1 ||     6
       Scroll            |       |       |     6 ||     6
 Stab: Sleeping          |       |     4 |     5 ||     9
       Confused          |       |     1 |     3 ||     4
       Petrified         |       |       |     4 ||     4
  Eat: Chunk             |     2 |     9 |    13 ||    24
       Ration            |       |     1 |     2 ||     3
Armor: Robe              |     9 |    22 |   104 ||   135
Dodge: Dodged            |    21 |    73 |   126 ||   220
Block: Other             |       |     8 |    47 ||    55
       Reflection        |       |       |     3 ||     3
